 Dungeon Crawl Stone Soup version 0.25.1-2-g60ff931df9 (webtiles) character file.

Game seed: 8625429580379734928

137 Mrkan the Gusty (level 5, -2/30 HPs)
             Began as a Tengu Air Elementalist on Nov 13, 2020.
             Was an Initiate of Gozag.
             Slain by a sky beast (5 damage)
             ... on level 3 of the Dungeon.
             The game lasted 00:11:09 (3218 turns).

Mrkan the Gusty (Tengu Air Elementalist)            Turns: 3218, Time: 00:11:09

Health: -2/30      AC:  2    Str:  9    XL:     5   Next: 20%
Magic:  10/10      EV: 13    Int: 16    God:    Gozag
Gold:   160        SH:  0    Dex: 14    Spells: 8/9 levels left

rFire    . . .     SeeInvis .   m - +0 long sword
rCold    . . .     Gourm    .   (no shield)
rNeg     . . .     Faith    .   a - +0 robe
rPois    .         Spirit   .   (helmet restricted)
rElec    .         Reflect  .   (no cloak)
rCorr    .         Harm     .   (no gloves)
MR       .....                  (boots unavailable)
Stlth    ++........             (no amulet)
HPRegen  0.10/turn              (no ring)
MPRegen  0.12/turn              (no ring)

@: no status effects
A: beak, talons 3, able to fly
a: Fly, Potion Petition, Call Merchant, Bribe Branch, Renounce Religion


You were on level 3 of the Dungeon.
You worshipped Gozag.
Gozag was aware of your devotion.
You were not hungry.

You visited 1 branch of the dungeon, and saw 3 of its levels.

You collected 177 gold pieces.
You paid 17 gold pieces to Gozag.

Inventory:

Hand Weapons
 m - a +0 long sword (weapon)
Armour
 a - a +0 robe (worn)
Magical Staves
 i - an uncursed staff of conjuration {unknown}
Wands
 o - a wand of flame (12)
 p - a wand of clouds (2)
Scrolls
 d - 2 scrolls of enchant armour {unknown}
 e - 4 scrolls of identify {unknown}
 j - 2 scrolls of blinking {unknown}
 k - 4 scrolls of amnesia {unknown}
Potions
 b - 2 potions of curing {unknown}
 f - 2 potions of heal wounds {unknown}
 g - a potion of might {unknown}
 h - 2 potions of haste {unknown}
 l - a potion of flight {unknown}
 n - a potion of mutation {unknown}
Comestibles
 c - 3 rations


   Skills:
 * Level 2.0 Fighting
 + Level 0.8 Long Blades
 + Level 3.1 Dodging
 - Level 2.0 Stealth
 + Level 2.7 Spellcasting
 - Level 1.3 Conjurations
 - Level 5.3 Air Magic


You had 8 spell levels left.
You knew the following spells:

 Your Spells              Type           Power        Failure   Level  Hunger
a - Shock                 Conj/Air       ##..         4%          1    #......

Your spell library contained the following spells:

 Spells                   Type           Power        Failure   Level  Hunger
 Swiftness                Chrm/Air       ##......     10%         2    ##.....
 Static Discharge         Conj/Air       ##......     14%         3    ###....
 Airstrike                Air            ###.......   22%         4    #####..
 Lightning Bolt           Conj/Air       ##........   80%         5    ######.


Dungeon Overview and Level Annotations

Branches:
Dungeon (3/15)

Altars:
Gozag
Hepliaklqana
Okawaru


Innate Abilities, Weirdness & Mutations

You have a beak for a mouth.
You have claws for feet.
You can fly continuously.


Message History

The sky beast closely misses you.
You barely miss the sky beast. Your kick misses the sky beast.
The sky beast flickers out of sight!
Deactivating autopickup; reactivate with Ctrl-A.
Something hits you but does no damage.
You barely miss something. Your kick misses something. Something hits you.
Something shocks you. Something hits you.
* * * LOW HITPOINT WARNING * * *
Something shocks you.
* * * LOW HITPOINT WARNING * * *
You barely miss something. Your kick misses something.
Something barely misses you.
You closely miss something. You peck something.
Something hits you but does no damage.
You closely miss something. You peck something.
Something hits you but does no damage. Something hits you.
* * * LOW HITPOINT WARNING * * *
Something shocks you.
You die...
Your body crumbles into a pile of gold.

#.......## # .........#
# .........# #
.........# # .........#
# .........#### ##### #
......w{....####....####
..[....@.......><.......
....................##..
........................
.........#..............
#........####...........
##...[.### #.##.......#
#####. #.##.......# #.
#........... ..
####........


You could see a worm.

Vanquished Creatures
  A worker ant (D:3)
  2 adders (D:2)
  2 oozes
  2 dart slugs (D:2)
  5 leopard geckos
  6 giant cockroaches
  4 hobgoblins
  16 jackals
  7 kobolds
  3 quokkas
  2 ball pythons
  7 bats
  6 frilled lizards
  5 goblins
  6 rats
74 creatures vanquished.

Notes
Turn   | Place    | Note
-------+----------+-------------------------------------------
     0 | D:1      | Mrkan the Tengu Air Elementalist began the quest for the
                  | Orb.
     0 | D:1      | Reached XP level 1. HP: 10/10 MP: 4/4
   235 | D:1      | Reached XP level 2. HP: 16/16 MP: 1/6
   649 | D:1      | Reached XP level 3. HP: 17/20 MP: 3/7
   845 | D:1      | Reached skill level 1 in Fighting
  1683 | D:2      | Reached skill level 5 in Air Magic
  1801 | D:2      | Reached XP level 4. HP: 21/25 MP: 2/8
  1994 | D:2      | Found an opulent altar of Gozag.
  2170 | D:2      | Found an iron altar of Okawaru.
  2784 | D:2      | Became a worshipper of Gozag Ym Sagoz the Greedy
  2904 | D:3      | Gained mutation: You can fly continuously. [Tengu growth]
  2904 | D:3      | Reached XP level 5. HP: 30/30 MP: 4/10
  3040 | D:3      | Found a hazy altar of Hepliaklqana.
  3206 | D:3      | Noticed a sky beast
  3218 | D:3      | Slain by a sky beast

Illustrated notes

Levels and vault maps discovered:
D:1:      minmay_arrival_widening_spiral_wide, layout_basic,
          ebering_dispersal_statue_hall
D:2:      layout_basic, grunt_gozag_statues, first_ration, minivault_5,
          okawaru_metal_pillars_1_2
D:3:      layout_rooms, lemuel_crystal_altar, trog_eyes_of_draining,
          nicolae_overflow_hidden_temple

Skill      XL: |  1  2  3  4  5 |
---------------+----------------+-----
Fighting       | 1 2 |  2.0
Air Magic      | 5 |  5.3
Dodging        | 3 |  3.1
Long Blades    | |  0.8
Stealth        | |  2.0
Spellcasting   | |  2.7
Conjurations   | |  1.3

Action                   |  1- 3 |  4- 6 || total
-------------------------+-------+-------++-------
Melee: Unarmed           |     2 |       ||     2
       Kick              |     8 |     1 ||     9
       Peck              |     5 |     4 ||     9
       Club              |    28 |       ||    28
       Long sword        |       |    26 ||    26
 Cast: Shock             |    74 |    57 ||   131
  Eat: Chunk             |     4 |     2 ||     6
       Ration            |       |     1 ||     1
Armor: Robe              |     4 |     6 ||    10
Dodge: Dodged            |    41 |    26 ||    67
       Rpst.: Long sword |       |     4 ||     4
